 Dungeon Crawl Stone Soup version 0.20.0-8-g6b59dc7 (webtiles) character file.

16093 Gorice the Carver (level 12, -7/101 HPs)
             Began as a Minotaur Gladiator on May 30, 2017.
             Was a High Priest of Okawaru.
             Mangled by an Executioner (16 damage)
             ... on level 1 of the Abyss on May 31, 2017.
             The game lasted 01:06:45 (14544 turns).

Gorice the Carver (Minotaur Gladiator)             Turns: 14544, Time: 01:06:46

Health: -7/101     AC: 37    Str: 22    XL:     12   Next: 7%
Magic:  25/25      EV:  9    Int: 10    God:    Okawaru [*****.]
Gold:   179        SH:  0    Dex: 14    Spells: 11/11 levels left

rFire    . . .     SeeInvis .   h - +3 rapier "Duvvecyorph" {elec, MP+9 Stlth+}
rCold    + . .     Gourm    .   (no shield)
rNeg     . . .     Faith    +   M - +8 plate armour of the Other World {Int+5}
rPois    .         Spirit   .   c - +1 hat
rElec    .         Reflect  .   s - +0 cloak
rCorr    .         Harm     .   A - +2 pair of gloves
MR       .....                  X - +2 pair of boots {run}
Stlth    ..........             d - amulet of faith {!P}
Regen    0.3/turn               m - -3 ring of evasion (curse)
MPRegen  0.2/turn               v - ring of protection from cold

@: heroism, quick
A: retaliatory headbutt, horns 2
a: Heroism, Finesse, Renounce Religion


You were on level 1 of the Abyss.
You worshipped Okawaru.
Okawaru was extremely pleased with you.
You were not hungry.

You visited 3 branches of the dungeon, and saw 13 of its levels.
You visited the Abyss 1 time.
You also visited: Ice Cave.

You collected 754 gold pieces.
You spent 575 gold pieces at shops.

Inventory:

Hand Weapons
 a - a +1 long sword
 b - a +0 hunting sling
 h - the +3 rapier "Duvvecyorph" (weapon) {elec, MP+9 Stlth+}
   (You found it in an ice cave)

   Occasionally, upon striking a foe, it will discharge some electrical energy
   and cause terrible harm.
   It affects your magic capacity (+9).
   It makes you more stealthy.
 z - a +2 battleaxe of freezing
   (Okawaru gifted it to you on level 10 of the Dungeon)
Missiles
 q - 109 sling bullets
 J - 5 javelins
 K - 7 tomahawks (quivered)
 Y - a throwing net
Armour
 c - a +1 hat (worn)
 e - +2 gold dragon scales
 s - a +0 cloak (worn)
 A - a +2 pair of gloves (worn)
 M - the +8 plate armour of the Other World (worn) {Int+5}
   (You found it on level 8 of the Dungeon)

   It affects your intelligence (+5).
 X - a +2 pair of boots of running (worn)
   (You bought it in a shop on level 5 of the Dungeon)
Jewellery
 d - an amulet of faith (around neck) {!P}
 m - a cursed -3 ring of evasion (left hand)
 v - a ring of protection from cold (right hand)
 w - an uncursed ring of stealth
 Q - the amulet "Ytwucouw" {Reflect +Inv Int+5 Dex-5 SH+2}
   (You took it off an orc warrior on level 8 of the Dungeon)

   [amulet of reflection]

   It shields you and reflects attacks.
   It affects your intelligence (+5).
   It affects your dexterity (-5).
   It lets you turn invisible.
   It affects your SH (+2).
Wands
 u - a wand of polymorph (11/24)
 B - a wand of digging (12/24)
 I - a wand of acid (10/15)
 T - a wand of confusion (14/48)
 V - a wand of confusion (41/48)
Scrolls
 f - a scroll of blinking {unknown}
 r - 9 scrolls of remove curse
 t - 3 scrolls of recharging
 x - a scroll of fear {!r}
 y - 4 scrolls of teleportation {!r}
 C - 4 scrolls of magic mapping {!r}
Potions
 i - a potion of heal wounds {!q}
 j - 4 potions of curing
 k - 2 potions of ambrosia
 o - 3 potions of flight
 D - 3 potions of lignification {!q}
 E - 3 potions of might {!q}
 G - a potion of magic {unknown}
 S - a potion of invisibility {!q}
Books
 H - a book of Frost
Miscellaneous
 L - a lightning rod (4/4) {!a}
Comestibles
 g - 8 fruits
 l - a bread ration {!e}
 p - 7 royal jellies


   Skills:
 + Level 8.0(13.0) Fighting
 - Level 14.6(19.6) Long Blades
 - Level 2.0(7.0) Throwing
 + Level 14.0(19.0) Armour
 - Level 3.2(8.2) Dodging
 + Level 6.7 Invocations


You had 11 spell levels left.
You didn't know any spells.

Dungeon Overview and Level Annotations

Branches:
Dungeon (11/15)            Temple (1/1) D:5            Lair (1/6) D:8
    Orc: D:9-12

Altars:
Ashenzari
Cheibriados
Dithmenos
Elyvilon
Fedhas
Gozag
Hepliaklqana
Kikubaaqudgha
Makhleb
Nemelex Xobeh
Okawaru
Qazlal
Ru
Sif Muna
Trog
Uskayaw
Vehumet
Xom
Yredelemnul
Zin
The Shining One

Shops:
D:5 *?*[   D:8 *

Annotations:
D:10 Erolcha
D:11 pUX: shafted here
Lair:1 pUX...death yaks, exclusion: door


Innate Abilities, Weirdness & Mutations

You reflexively headbutt those who attack you in melee.
You have a pair of horns on your head.


Message History

* * * LOW HITPOINT WARNING * * *
The Executioner hits you but does no damage. x2
Damage: 14 (max 18)
You puncture the Executioner!
The Executioner is heavily wounded.
The Executioner gestures at you. Pain shoots through your body!
* * * LOW HITPOINT WARNING * * *
Damage: 6 (max 18) Unknown command.
You hit the Executioner.
The Executioner is heavily wounded.
The Executioner hits you but does no damage. x2
The Executioner hits you.
* * * LOW HITPOINT WARNING * * *
The Executioner hits you but does no damage.
The Executioner hits you.
* * * LOW HITPOINT WARNING * * *
The Executioner hits you but does no damage.
Damage: 3 (max 18) Unknown command.
Really quaff
i - 2 potions of heal wounds {!q}?
You feel much better.
The Executioner hits you but does no damage. x2
The Executioner closely misses you.
The Executioner hits you but does no damage. x2
The Executioner hits you.
* * * LOW HITPOINT WARNING * * *
The Executioner hits you!
* * * LOW HITPOINT WARNING * * *
The Executioner hits you but does no damage. x2
Unknown command.
Unknown command.
Unknown command.
Unknown command.
Evoke which item? (* to show all) (? for menu, Esc to quit)
Aiming: Corrosive Bolt (will waste charges)
Press: ? - help, Shift-Dir - straight line, f/p - Executioner
Aim: an Executioner (heavily wounded, fast)
The bolt of acid hits the Executioner.
The Executioner is splashed with acid.
The acid corrodes the Executioner!
The Executioner is severely wounded.
Evoking this partially-identified wand wasted a few charges.
The Executioner hits you but does no damage. x3
The Executioner hits you!
* * * LOW HITPOINT WARNING * * *
The Executioner barely misses you. The Executioner hits you.
* * * LOW HITPOINT WARNING * * *
The Executioner hits you!
You die...

≈#≈ ≈≈.≈≈♣...
# ♣≈
≈≈≈♣.♣≈... .
.. #≈♣♣≈
....§x .. . #
........§. # .
#.
....#....#.# .
...
.#.#....[.##
#..
###..#.....#
#...#. #@.#
..#
#........1.##.
. #
#.#...........
#.
###......##..
# # #........
. ##...(....
#..∩
....#..#... ##
####..#..##..
........ ..


You could see an Executioner and an ancient zyme.

Vanquished Creatures
  4 two-headed ogres
  A death yak (Lair:1)
  A necromancer (IceCv)
  The ghost of bobbobbob the Covert, a novice SpEn (D:7)
  Joseph (D:7)
  2 ice statues (IceCv)
  A rime drake (D:8)
  6 ice devils (IceCv)
  A queen bee (D:8)
  A hornet (D:8)
  3 hippogriffs
  Grinder (D:5)
  Sigmund (D:4)
  2 wyverns
  7 yaks
  A hungry ghost (D:8)
  A steam dragon (D:8)
  Menkaure (D:5)
  A water moccasin (Lair:1)
  4 porcupines
  2 black bears
  3 sky beasts
  A hornet zombie (D:8)
  An ice beast (D:6)
  7 orc warriors
  2 necrophages (D:8)
  3 phantoms
  3 ogres
  3 centaurs
  2 crocodiles (Lair:1)
  13 bullfrogs
  A wyvern skeleton (D:8)
  3 scorpions
  18 killer bees (D:8)
  5 wights
  2 crimson imps
  2 bullfrog zombies
  3 draconian simulacra (IceCv)
  A jelly (D:6)
  6 orc wizards
  2 bullfrog skeletons
  A centaur zombie (D:4)
  4 orc priests
  Crazy Yiuf (D:2)
  3 hounds
  Natasha (thrice) (D:3)
  3 iguanas
  Terence (D:2)
  6 worker ants
  3 spriggan simulacra (IceCv)
  A killer bee zombie (D:9)
  13 gnolls
  A worker ant zombie (D:9)
  21 adders
  4 naga simulacra (IceCv)
  12 white imps (Lair:1)
  An ooze (D:2)
  3 adder skeletons
  A worm (D:2)
  A dart slug (D:2)
  3 leopard geckos
  40 orcs
  4 ball pythons
  A giant cockroach (D:2)
  29 goblins
  25 hobgoblins
  6 jackals
  14 kobolds
  4 quokkas
  A ball python skeleton (D:4)
  8 bats
  3 frilled lizards
  A jackal zombie (D:8)
  A quokka skeleton (D:6)
  2 rats
  A fungus (D:8)
350 creatures vanquished.

Vanquished Creatures (others)
  6 fungi
6 creatures vanquished.

Grand Total: 356 creatures vanquished

Notes
Turn   | Place    | Note
-------+----------+-------------------------------------------
     0 | D:1      | Gorice the Minotaur Gladiator began the quest for the Orb.
     0 | D:1      | Reached XP level 1. HP: 18/18 MP: 0/0
   131 | D:1      | Reached skill level 4 in Long Blades
   131 | D:1      | Reached XP level 2. HP: 12/25 MP: 1/1
   742 | D:2      | Noticed Terence
   747 | D:2      | Killed Terence
   747 | D:2      | Reached skill level 5 in Long Blades
   747 | D:2      | Reached XP level 3. HP: 25/30 MP: 2/2
  1014 | D:2      | Reached XP level 4. HP: 37/37 MP: 3/3
  1075 | D:2      | Reached skill level 1 in Armour
  1152 | D:2      | Reached skill level 6 in Long Blades
  1673 | D:2      | Found a runed door.
  1677 | D:2      | Noticed Crazy Yiuf
  1686 | D:2      | Killed Crazy Yiuf
  1686 | D:2      | Reached skill level 2 in Armour
  1686 | D:2      | Reached XP level 5. HP: 29/42 MP: 1/4
  1815 | D:2      | HP: 12/42 [poisoned by a kobold]
  1822 | D:2      | HP: 10/42 [poisoned by a kobold]
  1829 | D:2      | HP: 9/42 [poisoned by a kobold]
  1837 | D:2      | HP: 8/42 [poisoned by a kobold]
  2158 | D:3      | Found an iron altar of Okawaru.
  2166 | D:3      | Became a worshipper of Warmaster Okawaru
  2185 | D:3      | Noticed Natasha
  2188 | D:3      | Killed Natasha
  2211 | D:3      | Noticed Natasha
  2220 | D:3      | Killed Natasha
  2220 | D:3      | Reached skill level 7 in Long Blades
  2320 | D:3      | Found a shadowy altar of Dithmenos.
  2323 | D:3      | Found a blossoming altar of Fedhas.
  2348 | D:3      | Noticed Natasha
  2366 | D:3      | Killed Natasha
  2418 | D:3      | Reached skill level 3 in Armour
  2842 | D:3      | Reached XP level 6. HP: 50/50 MP: 5/5
  3592 | D:4      | Reached * piety under Okawaru
  3660 | D:4      | Reached skill level 8 in Long Blades
  3660 | D:4      | Reached skill level 4 in Armour
  4049 | D:4      | HP: 14/50 [ogre/giant club (13)]
  4051 | D:4      | Reached XP level 7. HP: 16/56 MP: 3/6
  4663 | D:4      | Reached skill level 9 in Long Blades
  4856 | D:5      | Entered Level 5 of the Dungeon
  4912 | D:5      | Noticed Sigmund
  5096 | D:4      | Reached skill level 5 in Armour
  5210 | D:4      | Killed Sigmund
  5210 | D:4      | Reached ** piety under Okawaru
  5218 | D:5      | Reached skill level 10 in Long Blades
  5218 | D:5      | Reached XP level 8. HP: 59/62 MP: 5/7
  5392 | D:5      | Found Yxeemm's Magic Scroll Shop.
  5392 | D:5      | Found Afofoarr's Armour Shop.
  5392 | D:5      | Found Vint's General Store.
  5400 | D:5      | Found Nebidwest's Assorted Antiques.
  5420 | D:5      | Bought a scroll of teleportation for 36 gold pieces
  5433 | D:5      | Noticed Grinder
  5436 | D:5      | Reached skill level 6 in Armour
  5437 | D:5      | Found a staircase to the Ecumenical Temple.
  5442 | D:5      | Paralysed by Grinder for 6 turns
  5459 | D:5      | Killed Grinder
  5459 | D:5      | Reached skill level 1 in Invocations
  5464 | D:5      | Noticed Menkaure
  5473 | D:5      | Killed Menkaure
  5473 | D:5      | Reached skill level 2 in Invocations
  5483 | Temple   | Entered the Ecumenical Temple
  6121 | D:5      | Reached skill level 11 in Long Blades
  6124 | D:5      | Reached skill level 7 in Armour
  6172 | D:6      | Reached *** piety under Okawaru
  6409 | D:6      | Reached XP level 9. HP: 53/68 MP: 9/9
  6419 | D:6      | Found a hide-covered altar of Uskayaw.
  6478 | D:6      | Reached skill level 8 in Armour
  7182 | D:6      | Reached skill level 12 in Long Blades
  7285 | D:6      | Reached skill level 9 in Armour
  7453 | D:7      | Noticed bobbobbob's ghost (novice SpEn)
  7608 | D:7      | Noticed Joseph
  7638 | D:7      | Killed Joseph
  7846 | D:7      | Reached skill level 10 in Armour
  8481 | D:7      | Killed bobbobbob's ghost
  8481 | D:7      | Reached **** piety under Okawaru
  8481 | D:7      | Reached skill level 13 in Long Blades
  8612 | D:7      | Reached XP level 10. HP: 71/74 MP: 10/10
  8742 | D:8      | HP: 11/74 [steam dragon/ball of steam (21)]
  8746 | D:8      | HP: 3/74 [steam dragon/ball of steam (27)]
  9025 | D:8      | Got a faintly humming ring mail
  9106 | D:8      | Got a distressingly furry plate armour
  9140 | D:8      | Identified the +8 plate armour of the Other World {Int+5} (You found it on level 8 of the Dungeon)
  9188 | D:8      | Found a staircase to the Lair.
  9283 | D:8      | Noticed Psyche
  9284 | D:8      | Noticed Psyche
  9284 | D:8      | Psyche changed into Psyche the rime drake
  9296 | D:8      | Killed Psyche the rime drake
  9296 | D:8      | Reached skill level 11 in Armour
  9357 | D:8      | Got a pitted ruby amulet
  9470 | D:8      | Noticed a two-headed ogre
  9493 | D:8      | Killed a two-headed ogre
  9493 | D:8      | Reached ***** piety under Okawaru
  9493 | D:8      | Reached skill level 14 in Long Blades
  9546 | D:8      | Found Kanemoj's Assorted Antiques.
  9555 | D:8      | Noticed a two-headed ogre
  9566 | D:8      | Killed a two-headed ogre
  9566 | D:8      | Received a gift from Okawaru
  9566 | D:8      | Reached skill level 12 in Armour
  9944 | D:8      | Reached skill level 3 in Fighting
 10132 | D:8      | Reached XP level 11. HP: 82/82 MP: 12/12
 10175 | D:8      | Noticed a two-headed ogre
 10226 | D:8      | Killed a two-headed ogre
 10226 | D:8      | Reached skill level 4 in Fighting
 10226 | D:8      | Reached skill level 3 in Invocations
 10930 | D:8      | Received a gift from Okawaru
 11282 | D:9      | Reached skill level 5 in Fighting
 11282 | D:9      | Reached skill level 4 in Invocations
 11307 | D:9      | Received a gift from Okawaru
 11308 | D:9      | Got a dazzling buckler {god gift}
 11338 | D:9      | Reached skill level 13 in Armour
 11514 | D:5      | Bought a +2 pair of boots of running for 539 gold pieces
 11641 | Lair:1   | Entered Level 1 of the Lair of Beasts
 11692 | Lair:1   | Noticed a death yak
 11692 | Lair:1   | Noticed a death yak
 11692 | Lair:1   | Noticed a death yak
 11692 | Lair:1   | Noticed a death yak
 11693 | Lair:1   | Noticed a death yak
 11694 | Lair:1   | Noticed a death yak
 11814 | Lair:1   | Found a frozen archway.
 11978 | IceCv    | Entered an ice cave
 12012 | IceCv    | Reached skill level 6 in Fighting
 12012 | IceCv    | Reached skill level 5 in Invocations
 12433 | IceCv    | Identified the amulet "Ytwucouw" {Reflect +Inv Int+5 Dex-5 SH+2} (You took it off an orc warrior on level 8 of the Dungeon)
 12924 | IceCv    | Reached skill level 7 in Fighting
 13304 | IceCv    | Noticed a necromancer
 13315 | IceCv    | Killed a necromancer
 13315 | IceCv    | Reached skill level 6 in Invocations
 13322 | IceCv    | Got a steaming rapier
 13758 | Lair:1   | Killed a death yak
 14103 | D:9      | Identified the +3 rapier "Duvvecyorph" {elec, MP+9 Stlth+} (You found it in an ice cave)
 14312 | D:10     | Entered Level 10 of the Dungeon
 14361 | D:10     | Received a gift from Okawaru
 14361 | D:10     | Reached XP level 12. HP: 96/101 MP: 15/15
 14405 | D:10     | Noticed a two-headed ogre
 14427 | D:10     | Killed a two-headed ogre
 14427 | D:10     | Reached skill level 8 in Fighting
 14427 | D:10     | Reached skill level 14 in Armour
 14449 | D:10     | You fall through a shaft!
 14500 | D:10     | Noticed Erolcha
 14500 | D:10     | Cast into level 1 of the Abyss (Erolcha)
 14521 | Abyss:1  | Noticed an Executioner
 14537 | Abyss:1  | HP: 26/101 [Executioner (5)]
 14542 | Abyss:1  | HP: 22/101 [Executioner (1)]
 14544 | Abyss:1  | HP: 9/101 [Executioner (2)]
 14544 | Abyss:1  | Mangled by an Executioner

Skill      XL: |  1  2  3  4  5  6  7  8  9 10 11 12 |
---------------+-------------------------------------+-----
Long Blades    | 4 5 6 7 8 10 11 13 14 | 14.6
Armour         | 2 3 4 5 7 10 12 13 14 | 14.0
Invocations    | 2 6 |  6.7
Fighting       | 3 7 8 |  8.0
Throwing       | |  2.0
Dodging        | |  3.2

Action                   |  1- 3 |  4- 6 |  7- 9 | 10-12 || total
-------------------------+-------+-------+-------+-------++-------
Melee: Long sword        |    32 |   155 |   346 |   685 ||  1218
       Headbutt          |     6 |    24 |    86 |   164 ||   280
       Punch             |       |     1 |     1 |     1 ||     3
       Rapier            |       |       |       |    54 ||    54
 Fire: Hunting sling     |       |    32 |    47 |    73 ||   152
Throw: Stone             |    16 |    15 |       |       ||    31
       Throwing net      |       |     2 |       |     2 ||     4
       Tomahawk          |       |       |       |     2 ||     2
Invok: Heroism           |       |     1 |     7 |    13 ||    21
Evoke: Wand              |       |       |     2 |     6 ||     8
  Use: Scroll            |     6 |     7 |     5 |    10 ||    28
       Potion            |     1 |       |     3 |     7 ||    11
 Stab: Confused          |       |       |       |     4 ||     4
  Eat: Chunk             |       |    10 |    15 |    14 ||    39
       Royal jelly       |       |       |       |     3 ||     3
       Fruit             |       |       |       |     2 ||     2
Armor: Leather armour    |     5 |       |       |       ||     5
       Scale mail        |     7 |    60 |    71 |       ||   138
       Chain mail        |       |       |     8 |       ||     8
       Plate armour      |       |       |    85 |   465 ||   550
Dodge: Dodged            |    23 |    78 |   134 |   281 ||   516
Block: Other             |       |       |       |     5 ||     5
       Rpst.: Long sword |     6 |    18 |    35 |    65 ||   124

Table legend:
 A = Turns spent in this place as a percentage of turns spent in the entire game.
 B = Non-inter-level travel turns spent in this place as a percentage of non-inter-level travel turns spent in the entire game.
 C = Inter-level travel turns spent in this place as a percentage of turns spent in this place.
 D = Turns resting spent in this place as a percentage of non-inter-level travel turns spent in this place.
 E = Turns spent auto-exploring this place as a percentage of non-inter-level travel turns spent in this place.
 F = Non-inter-level travel turns spent in this place divided by the number of levels of this place that you've seen.
                   A       B       C       D       E      F
               +-------+-------+-------+-------+-------+----------------------
         Total | 100.0 | 100.0 |   0.4 |   2.4 |   4.0 | 357.9
       Dungeon |  78.4 |  78.4 |   0.5 |   2.3 |   4.8 | 382.4
        Temple |   0.4 |   0.3 |   5.3 |   0.0 |  72.2 |  18.0
          Lair |   9.4 |   9.5 |   0.0 |   1.6 |   0.0 | 509.0
         Abyss |   1.2 |   1.2 |   0.0 |   0.0 |   0.0 |  64.0
      Ice Cave |  10.6 |  10.6 |   0.0 |   4.6 |   0.2 | 571.0
               +-------+-------+-------+-------+-------+----------------------

Vault maps used:
D:1:      lemuel_arrival_river_bridge
D:2:      first_bread, serial_bayou, serial_bayou_lagoon_a,
          serial_bayou_shore_a, serial_bayou_ford_a, serial_bayou_lake_a,
          serial_bayou_pond_e, serial_bayou_shore_b, uniq_crazy_yiuf_cottage,
          uniq_terence
D:3:      gammafunk_temple_overflow_statue, serial_co_window_serial,
          co_window_paths_b, co_window_corner_a, co_window_corner_a,
          co_window_corner_a, co_window_corner_a, co_window_broadway_b,
          co_window_broadway_a, co_window_of_opportunity_b,
          co_window_broadway_b, co_window_of_opportunity_b, co_window_corner_b,
          co_window_4corner_a, co_window_paths_d, glass_columns_a,
          okawaru_gym_becter, uniq_natasha
D:4:      minmay_goblin_kobold_castle, kennysheep_crisscross
D:5:      minmay_temple_entry_large_hall, minmay_misc_feat_roman,
          minmay_shop_grid_forest, serial_bayou_lagoon_b, uniq_grinder,
          uniq_sigmund, uniq_menkaure
D:6:      kennysheep_mini_moat
D:7:      uniq_joseph
D:8:      grunt_lair_entry_orc_guard_hut, serial_shops,
          nicolae_shop_behind_doors, david_nohive_1, uniq_psyche
D:10:     hangedman_decor_riveting, nicolae_lava_and_water, item_on_display_a,
          uniq_erolcha
D:11:     david_orc_5, serial_shops, shop, chequers_guarded_unrand_ignorance
Temple:   eino_narrow_crystal_temple
Lair:1:   dpeg_oklob_gauntlet, portal_ice_cave_entry_imps, lemuel_fruit_tree
IceCv:    ice_cave_tombish
